 Dungeon Crawl Stone Soup version 0.23.2-1-ga50397a (webtiles) character file.

Game seed: 2551057967852277523

3513 Firecrotchwizard the Basher (level 9, -4/139 HPs)
             Began as a Troll Berserker on Apr 30, 2019.
             Was an Elder of Trog.
             Slain by a centaur (10 damage)
             ... on level 8 of the Dungeon.
             The game lasted 00:11:55 (5754 turns).

Firecrotchwizard the Basher (Troll Berserker)       Turns: 5754, Time: 00:11:55

Health: -4/139     AC:  6    Str: 32      XL:     9   Next: 81%
Magic:  8/8        EV: 10    Int:  6      God:    Trog [****..]
Gold:   382        SH:  0    Dex:  6 (9)  Spells: 8/8 levels left

rFire    + + .     SeeInvis .   z - +5 morningstar (freeze) (curse)
rCold    + . .     Gourm    +   (no shield)
rNeg     . . .     Faith    .   r - +0 robe
rPois    .         Spirit   .   (helmet restricted)
rElec    .         Reflect  .   x - scarf {rC+ rF+}
rCorr    .         Harm     .   (gloves unavailable)
MR       ++...                  (boots unavailable)
Stlth    ..........             (no amulet)
HPRegen  1.73/turn              D - ring of protection from fire {rF+, !d}
MPRegen  0.11/turn              (no ring)

@: berserking, regenerating, very quick
A: large, unfitting armour, claws 3, fast metabolism 3, gourmand, regeneration
1, shaggy fur 1, tough skin 3
a: Berserk, Trog's Hand, Brothers in Arms, Renounce Religion


You were on level 8 of the Dungeon.
You worshipped Trog.
Trog was greatly pleased with you.
You were full.

You visited 1 branch of the dungeon, and saw 8 of its levels.
You also visited: Ossuary.

You collected 508 gold pieces.
You spent 126 gold pieces at shops.

Inventory:

Hand Weapons
 a - a +0 mace
 l - a +0 giant club
   (You took it off an ogre on level 4 of the Dungeon)
 m - the +8 hunting sling of Gozag's Pride {speed, rPois Str+2 Dex-4 SInv}
   (You found it on level 6 of the Dungeon)

   Attacks with this weapon are significantly faster.
   It affects your strength (+2).
   It affects your dexterity (-4).
   It protects you from poison.
   It lets you see invisible.
 s - a +0 dire flail of protection
   (You bought it in a shop on level 4 of the Dungeon)
 z - a cursed +5 morningstar of freezing (weapon)
   (You took it off a wight on level 7 of the Dungeon)
Armour
 b - a +0 animal skin
 r - a +0 robe (worn)
   (You found it on level 4 of the Dungeon)
 x - a scarf of resistance (worn)
   (You found it on level 6 of the Dungeon)
Jewellery
 D - a ring of protection from fire (left claw) {rF+, !d}
   (You found it on level 7 of the Dungeon)
Wands
 p - a wand of disintegration (6)
   (You took it off a goblin on level 3 of the Dungeon)
 B - a wand of random effects (19)
   (You found it on level 7 of the Dungeon)
Scrolls
 d - 3 scrolls of remove curse
 e - 2 scrolls of magic mapping {!r}
 g - a scroll of enchant weapon
 h - 6 scrolls of identify
 k - a scroll of amnesia {unknown}
 o - 3 scrolls of teleportation
 t - a scroll of random uselessness {unknown}
 u - a scroll of enchant armour {unknown}
 y - a scroll of fog {unknown}
 A - a scroll of brand weapon {unknown}
Potions
 f - 4 potions of lignification {!q}
 i - 2 potions of berserk rage {!q}
 j - 3 potions of brilliance
 n - a potion of might {unknown}
 q - 4 potions of curing
 v - a potion of ambrosia {unknown}
 w - a potion of agility {unknown}
 C - a potion of magic {unknown}
Comestibles
 c - 17 rations


   Skills:
 + Level 7.2 Fighting
 * Level 10.8 Maces & Flails
 - Level 2.4 Dodging


You had 8 spell levels left.
You didn't know any spells.
Your spell library was empty.

Dungeon Overview and Level Annotations

Branches:
Dungeon (8/15)             Temple (0/1) D:4
   Lair: D:8-11

Altars:
Dithmenos
Fedhas
Hepliaklqana
Nemelex Xobeh
Ru
Uskayaw
Xom
Zin
The Shining One

Shops:
D:4 (

Annotations:
D:7 2 transporters, ck1fx's ghost, novice TrFi


Innate Abilities, Weirdness & Mutations

You are too large for most types of armour.
You have claws for hands.
Your metabolism is lightning-fast.
You like to eat raw meat.
Your natural rate of healing is unusually fast.
You are covered in fur. (AC +1)
You have extremely tough skin. (AC +3)


Message History

Trog accepts your kill.
No target in view!
No target in view!
No target in view!
Unknown command.
No target in view!
You see here 23 stones.
h - 6 scrolls of identify (gained 1)
o - 3 scrolls of teleportation (gained 1)
You see here 23 stones.
You open the door.
There is an open door here.
Found an escape hatch in the floor.
Health restored: 93 A centaur comes into view.
The centaur shouts!
You hear a shout!
The centaur wields a +0 shortbow.
The centaur shoots an arrow.
The arrow hits you.
You see here an arrow.
You take 5 damage, and have 88/93 hp.
The centaur shoots an arrow.
The arrow hits you but does no damage.
A centaur comes into view.
The centaur shoots an arrow.
The arrow hits you.
The centaur shouts!
You see here 2 arrows.
You take 2 damage, and have 86/93 hp.
The centaur shoots an arrow.
The arrow closely misses you.
A sky beast and an orc come into view.
The orc shouts!
The centaur wields a +0 shortbow.
The centaur shoots an arrow.
The arrow hits you.
The centaur shoots an arrow.
The arrow barely misses you.
The centaur shoots an arrow.
The arrow hits you!
You see here 2 arrows.
The centaur shoots an arrow.
The arrow hits you.
The centaur shoots an arrow.
The arrow misses you.
An orc wizard comes into view. It is wielding a +0 dagger.
An orc priest comes into view. It is wielding a +0 short sword.
The centaur shoots an arrow.
The arrow hits you.
You see here 2 arrows.
The centaur shoots an arrow.
The arrow closely misses you.
The centaur shoots an arrow.
The arrow hits you.
You see here an arrow.
You take 24 damage, and have 63/93 hp.
MASSIVE DAMAGE!!
An adder zombie comes into view.
The centaur shoots an arrow.
The arrow barely misses you.
The arrow hits the orc.
The centaur unwields a +0 shortbow.
The centaur hits you. The sky beast hits you. The sky beast shocks you.
The centaur shoots an arrow.
The arrow hits you!
You see here an arrow.
You take 29 damage, and have 34/93 hp.
MASSIVE DAMAGE!!
Your skin crawls.
You feel resistant to hostile enchantments.
You feel somewhat less full. The centaur closely misses you.
The orc barely misses you.
The centaur shoots an arrow.
The arrow hits you! The sky beast completely misses you.
The centaur hits you but does no damage.
You take 6 damage, and have 28/93 hp.
You fail to use your ability.
The centaur hits you but does no damage.
The orc hits you but does no damage.
The sky beast hits you but does no damage.
You regained 2 hp, and now have 30/93 hp.
Your ogre goes berserk!
You feel somewhat less full. The centaur hits you!
* * * LOW HITPOINT WARNING * * *
The centaur shoots an arrow.
The arrow hits you!
* * * LOW HITPOINT WARNING * * *
The orc closely misses you. The sky beast completely misses you.
The centaur barely misses you.
You take 16 damage, and have 14/93 hp.
A red film seems to cover your vision as you go berserk!
You feel yourself moving faster!
You feel mighty! The centaur hits you.
* * * LOW HITPOINT WARNING * * *
The sky beast closely misses you.
Your ogre hits the centaur with a +0 giant spiked club!!
The orc priest looks satisfied for a moment.
You now have 20/139 hp.
You barely miss the sky beast. The centaur hits you!
* * * LOW HITPOINT WARNING * * *
The centaur unwields a +0 shortbow.
The centaur hits you.
* * * LOW HITPOINT WARNING * * *
The orc hits you with a +0 club.
* * * LOW HITPOINT WARNING * * *
The sky beast hits you but does no damage.
Your ogre closely misses the centaur.
You take 14 damage, and have 6/139 hp.
You bludgeon the sky beast!! You freeze the sky beast.
You kill the sky beast!
Trog accepts your kill. The centaur barely misses you.
The centaur hits you but does no damage.
The orc priest hits you with a +0 short sword.
* * * LOW HITPOINT WARNING * * *
The orc wizard barely misses you.
You take 1 damage, and have 5/139 hp.
You barely miss the centaur. The centaur barely misses you.
Your ogre barely misses the centaur.
The centaur hits you!
You die...

... # ...... #
#..... ##+#### #
#..... #.....#
.....###>.!..#
.......(.(..(######
#.(.....((.....#
#.Zoo((........#
#.c@o..........#####
+..c....[......'....
#...O....#.....####.
#........#.....# #.
###......#.....# ##
#...####...### #
#...# #...# # #...#
##### # #


You could see 2 centaurs, an orc priest, an orc wizard, an orc, an adder zombie
and a friendly ogre (berserk).

Vanquished Creatures
  A two-headed ogre (D:8)
  Sigmund (D:6)
  A wraith (Ossuary)
  Eustachio (D:6)
  A water moccasin (D:5)
  A sky beast (D:8)
  An ice beast (D:4)
  5 ogres
  A centaur (D:7)
  3 bullfrogs
  15 wights
  A crimson imp (D:6)
  A bullfrog zombie (D:8)
  2 quasits
  3 hounds
  2 jellies
  A gnoll shaman (D:7)
  2 bullfrog skeletons
  2 iguanas
  5 worker ants
  2 mummies
  9 gnolls
  7 adders
  2 shadow imps
  An ooze (D:4)
  2 adder skeletons
  A worm (D:2)
  A leopard gecko (D:4)
  9 orcs
  4 bats
  A giant cockroach (D:3)
  5 hobgoblins
  7 jackals
  6 quokkas
  2 ball pythons
  7 frilled lizards
  6 gnoll skeletons (Ossuary)
  11 goblins
  A goblin zombie (D:5)
  A hobgoblin zombie (D:5)
  8 kobolds
  5 kobold skeletons (Ossuary)
  14 orc skeletons (Ossuary)
  A quokka skeleton (D:5)
  8 rats
171 creatures vanquished.

Notes
Turn   | Place    | Note
-------+----------+-------------------------------------------
     0 | D:1      | Firecrotchwizard the Troll Berserker began the quest for
                  | the Orb.
     0 | D:1      | Reached XP level 1. HP: 22/22 MP: 0/0
   157 | D:1      | Reached skill level 3 in Maces & Flails
   177 | D:1      | Reached XP level 2. HP: 29/29 MP: 1/1
   784 | D:2      | Found a shadowy altar of Dithmenos.
   846 | D:2      | Found a blossoming altar of Fedhas.
   866 | D:2      | Reached XP level 3. HP: 27/36 MP: 2/2
   917 | D:2      | Found a hide-covered altar of Uskayaw.
   917 | D:2      | Found a hazy altar of Hepliaklqana.
   981 | D:2      | Reached ** piety under Trog
  1241 | D:3      | Found a shimmering altar of Xom.
  1242 | D:3      | Found a shimmering altar of Xom.
  1242 | D:3      | Found a shimmering altar of Xom.
  1243 | D:3      | Found a shimmering altar of Xom.
  1244 | D:3      | Found a shimmering altar of Xom.
  1244 | D:3      | Found a shimmering altar of Xom.
  1267 | D:3      | Reached skill level 3 in Fighting
  1267 | D:3      | Reached skill level 4 in Maces & Flails
  1267 | D:3      | Reached XP level 4. HP: 27/45 MP: 3/3
  1340 | D:3      | Found a shimmering altar of Xom.
  2137 | D:4      | Noticed an ogre
  2144 | D:4      | Killed an ogre
  2144 | D:4      | Reached skill level 5 in Maces & Flails
  2144 | D:4      | Reached XP level 5. HP: 25/53 MP: 4/4
  2200 | D:4      | Found Neeshaer's Antique Weapon Shoppe.
  2243 | D:4      | Bought a glowing dire flail for 126 gold pieces
  2315 | D:4      | Reached XP level 6. HP: 62/62 MP: 5/5
  2456 | D:4      | Noticed an ice beast
  2473 | D:4      | Killed an ice beast
  2473 | D:4      | Reached skill level 4 in Fighting
  2531 | D:4      | Reached skill level 6 in Maces & Flails
  2621 | D:4      | Reached XP level 7. HP: 70/71 MP: 6/6
  2737 | D:4      | Found a staircase to the Ecumenical Temple.
  2857 | D:5      | Entered Level 5 of the Dungeon
  2893 | D:5      | Found a sand-covered staircase.
  2899 | Ossuary  | Entered an ossuary
  2899 | Ossuary  | Noticed a wraith
  2899 | Ossuary  | Noticed a wraith
  2899 | Ossuary  | Noticed a wraith
  2913 | Ossuary  | Reached *** piety under Trog
  3001 | Ossuary  | Noticed a wraith
  3016 | Ossuary  | Killed a wraith
  3228 | D:5      | Reached skill level 7 in Maces & Flails
  3414 | D:5      | Reached skill level 5 in Fighting
  3420 | D:5      | Reached XP level 8. HP: 80/80 MP: 7/7
  3424 | D:5      | Found a glowing silver altar of Zin.
  3486 | D:5      | Found a sacrificial altar of Ru.
  3869 | D:6      | Got a jewelled hunting sling
  3870 | D:6      | Identified the +8 hunting sling of Gozag's Pride {speed,
                  | rPois Str+2 Dex-4 SInv} (You found it on level 6 of the
                  | Dungeon)
  3933 | D:6      | Reached **** piety under Trog
  3933 | D:6      | Reached skill level 8 in Maces & Flails
  3940 | D:6      | HP: 29/121 [wight/+5 battleaxe of freezing (5)]
  3942 | D:6      | HP: 13/121 [wight/+5 battleaxe of freezing (16)]
  3942 | D:6      | HP: 6/121 [wight/+5 battleaxe of freezing (7)]
  4066 | D:6      | Found a sparkling altar of Nemelex Xobeh.
  4193 | D:6      | Noticed Sigmund
  4203 | D:6      | Killed Sigmund
  4286 | D:6      | Reached skill level 6 in Fighting
  4296 | D:6      | Reached skill level 9 in Maces & Flails
  4454 | D:6      | Noticed Eustachio
  4567 | D:6      | Killed Eustachio
  4567 | D:6      | Reached XP level 9. HP: 83/89 MP: 8/8
  4641 | D:6      | Found a glowing golden altar of the Shining One.
  5201 | D:7      | Noticed a deep elf knight
  5204 | D:7      | Noticed ck1fx's ghost (novice TrFi)
  5218 | D:7      | Found a transporter.
  5349 | D:7      | Found a transporter.
  5583 | D:8      | Reached skill level 10 in Maces & Flails
  5607 | D:8      | Noticed a two-headed ogre
  5613 | D:8      | Killed a two-headed ogre
  5613 | D:8      | Reached skill level 7 in Fighting
  5750 | D:8      | HP: 14/93 [centaur/arrow (10)]
  5752 | D:8      | HP: 6/139 [orc/+0 club (4)]
  5754 | D:8      | Slain by a centaur

Skill      XL: |  1  2  3  4  5  6  7  8  9 |
---------------+----------------------------+-----
Maces & Flails | 3 4 5 6 7 9 10 | 10.8
Fighting       | 3 4 5 6 7 |  7.2
Dodging        | |  2.4

Action                   |  1- 3 |  4- 6 |  7- 9 || total
-------------------------+-------+-------+-------++-------
Melee: Mace              |   120 |    89 |       ||   209
       Dire flail        |       |    69 |   270 ||   339
       Morningstar       |       |       |    40 ||    40
Invok: Berserk           |     1 |     2 |     4 ||     7
       Trog's Hand       |       |       |     2 ||     2
       Brothers in Arms  |       |       |     1 ||     1
Evoke: Wand              |       |     1 |     4 ||     5
  Use: Scroll            |       |       |    14 ||    14
 Stab: Sleeping          |     1 |       |     1 ||     2
  Eat: Chunk             |    18 |    14 |    32 ||    64
Armor: Animal skin       |    32 |    51 |       ||    83
       Robe              |       |    25 |   134 ||   159
Dodge: Dodged            |    77 |    74 |   164 ||   315

Levels and vault maps discovered:
D:1:      tarquinn_simple_flora_water_a, layout_loops_cross,
          hangedman_decor_slide_cut
D:2:      layout_rooms, nicolae_dithmenos_through_a_glass_darkly,
          chequers_temple_overflow_statue_of_worship
D:3:      layout_basic, nicolae_xom_altar_mimics, kennysheep_generic_room_14
D:4:      layout_loops_cross, temple_hall, serial_shops, shop_fountains,
          first_ration, kennysheep_generic_room_6
D:5:      layout_loops_ring, nicolae_ru_sacrificial_ziggurat,
          kennysheep_mini_moat, nicolae_ossuary_entry_giza
D:6:      layout_rooms, tso_altar, nemelex_altar_shiori, kennysheep_potato,
          uniq_eustachio, uniq_sigmund
D:7:      layout_loops_ring, gammafunk_ghost_arena, kennysheep_crisscross
D:8:      minmay_blocky_corners, layout_basic, lightli_temple_of_fire
Ossuary:  ossuary_due_mausoleum

Table legend:
 A = Turns spent in this place as a percentage of turns spent in the entire game.
 B = Non-inter-level travel turns spent in this place as a percentage of non-inter-level travel turns spent in the entire game.
 C = Inter-level travel turns spent in this place as a percentage of turns spent in this place.
 D = Turns resting spent in this place as a percentage of non-inter-level travel turns spent in this place.
 E = Turns spent auto-exploring this place as a percentage of non-inter-level travel turns spent in this place.
 F = Non-inter-level travel turns spent in this place divided by the number of levels of this place that you've seen.
                   A       B       C       D       E      F
               +-------+-------+-------+-------+-------+----------------------
         Total | 100.0 | 100.0 |   3.0 |  14.9 |  62.0 | 619.9
       Dungeon |  95.8 |  95.6 |   3.2 |  14.6 |  64.0 | 666.9
       Ossuary |   4.2 |   4.4 |   0.0 |  21.7 |  18.0 | 244.0
               +-------+-------+-------+-------+-------+----------------------

Table legend:
 A = Kills in this place as a percentage of kills in entire the game.
 B = Kills by you in this place as a percentage of kills by you in the entire game.
 C = Kills by friends in this place as a percentage of kills by friends in the entire game.
 D = Other kills in this place as a percentage of other kills in the entire game.
 E = Experience gained in this place as a percentage of experience gained in the entire game.
 F = Experience gained in this place divided by the number of levels of this place that you have seen.
                   A       B       C       D       E      F
               +-------+-------+-------+-------+-------+----------------------
         Total | 100.0 | 100.0 |   N/A |   N/A | 100.0 | 557.7
       Dungeon |  84.2 |  84.2 |   N/A |   N/A |  94.7 | 594.0
       Ossuary |  15.8 |  15.8 |   N/A |   N/A |   5.3 | 267.0
               +-------+-------+-------+-------+-------+----------------------
